[Event "XVI Memorial Ezequiel Martin 2024"]
[Site "Mollet"]
[Date "2024.06.09"]
[Round "7.2"]
[White "Narciso Dublan, Marc"]
[Black "Aloma Vidal, Robert"]
[Result "1/2-1/2"]
[ECO "B24"]
[WhiteElo "2432"]
[BlackElo "2428"]
[Annotator "TA"]
[PlyCount "141"]
[EventDate "2024.06.01"]
[EventType "swiss"]
[EventCountry "ESP"]
[SourceTitle "playchess.com"]
[Source "ChessBase"]
[SourceQuality "1"]
[TimeControl "900+5"]

1. e4 c5 2. Nc3 Nc6 3. g3 Rb8 4. Nf3 e6 5. Bg2 b5 6. d4 b4 7. Na4 cxd4 8. Nxd4 Nge7 9. Be3 Qa5 {[%emt 0:01:58] Threatens to win with ...Nxd4.} 10. b3 Ba6 11. f4 g5 12. Qh5 Bg7 (12... gxf4 $14 13. Qxa5 Nxa5 14. gxf4 (14. Bxf4 Rc8 $11) 14... Rg8) 13. O-O-O $16 {[%emt 0:00:10] aiming for Nxc6.} (13. Qxg5 $2 Qxg5 (13... Bxd4 $2 14. Qxa5 Bc3+ 15. Nxc3 $18) 14. fxg5 Bxd4 $19 (14... Nxd4 $2 15. O-O-O $19)) 13... Bb7 (13... gxf4 $142 14. Qxa5 Nxa5 15. gxf4 (15. Bxf4 $2 e5 $19) 15... Rg8) 14. Qxg5 {[%emt 0:02:19] White is much more active.} (14. Kb1 $16) 14... Qxg5 $14 15. fxg5 Nxd4 16. Bxd4 Bxd4 17. Rxd4 Bc6 18. Nb2 Rb5 19. h4 a5 20. Rhd1 Nc8 (20... Ng6 $16) 21. Nc4 (21. Bf1 $18 Re5 22. Nc4) 21... Rc5 22. Ne3 (22. R4d2 $142) 22... h6 $16 23. gxh6 Rxh6 24. Rf1 Ke7 25. Rf2 (25. Kb2 $16) 25... Na7 26. Rc4 $36 {[%emt 0:00:07][%mdl 2048] White is pushing.} Rhh5 (26... Rxc4 $14 27. bxc4 (27. Nxc4 Rg6 $11) 27... Nc8) 27. Bf3 Rhe5 28. g4 (28. Nd5+ $1 $18 {is the precise move to win.} Kd6 29. Rxc5 Kxc5 30. Nf6) 28... Nb5 $2 (28... Bb5 $16) 29. Rxc5 $2 (29. Nd5+ $1 $18 Rcxd5 30. exd5 Bxd5 31. Bxd5 Rxd5 32. h5) 29... Rxc5 $11 30. g5 Nd4 $2 (30... Nd6 $1 $11 {and Black has nothing to worry.}) 31. Bh5 $18 Bxe4 32. Rxf7+ Kd8 33. Bd1 (33. Rf8+ Kc7 34. Bd1 Nc6 $18) 33... Nf5 $2 (33... Nb5 {was worth a try.} 34. Ng4 Nc3) 34. Nxf5 Bxf5 {[%emt 0:00:01][%mdl 4096] Endgame. KRB-KRB} 35. h5 Ke8 36. g6 Be4 37. Rh7 {[%emt 0:00:07] Rh8+ is the strong threat.} Rg5 38. Kd2 Bf5 39. Ke3 Rg1 40. Be2 Bxc2 41. Bb5 Rg5 42. Bxd7+ Kd8 (42... Kf8 $142 43. Bc8 (43. Bxe6 Bxg6 44. hxg6 Re5+ 45. Kd3 Rxe6 $16) 43... a4 44. bxa4 (44. Bxe6 Bxg6 45. hxg6 Re5+ 46. Kf4 Rxe6 $11) 44... b3 45. axb3 (45. Bxe6 b2 $17) 45... Bxb3) 43. Kf4 Rf5+ 44. Kg3 Rg5+ 45. Kh4 Re5 (45... Rg1 $142 46. Bxe6 Bxg6 47. hxg6 Rxg6) 46. Ba4 Re1 47. Rd7+ Kc8 48. Re7 Kd8 49. Re8+ Kc7 50. g7 Bh7 51. g8=Q $2 (51. Rh8) 51... Bxg8 52. Rxg8 $2 {[%emt 0:00:01] KRB-KR} (52. h6 $18) 52... Rh1+ $11 53. Kg5 Rg1+ 54. Kf6 Rxg8 {[%emt 0:00:02] KR-KB} 55. h6 {[%emt 0:00:01][%cal Bh5h6,Bh6h7][%mdl 32] Hoping for h7!} Rb8 $2 (55... Rg2 $11) 56. h7 $1 $18 {[%emt 0:00:05][%cal Of6f7] And now Kf7! would win.} (56. Kxe6 Rh8 (56... Rb6+ $2 57. Kd5 $19) 57. Kd5 Kb6 $19 (57... Rxh6 $2 58. Be8 $19)) 56... Kd6 {[%emt 0:00:02] [#]} 57. Bb5 $1 e5 (57... Rxb5 58. h8=Q) 58. Bc4 Rh8 59. Kg7 Rxh7+ 60. Kxh7 {[%emt 0:00:01] KB-K3P} Kc5 61. Kg6 $2 (61. Ba6 Kd4 62. Kg6 Kc3 63. Kf5 Kd4 64. Bb7 Kd3 65. Kxe5 Kc2 66. Kd6) 61... Kd4 $2 (61... a4 $11) 62. Kf5 $2 (62. Bf1 {mates} Kc3 63. Kf5 Kc2 64. Bb5 (64. Kxe5 Kb2 $18) 64... Kd2 65. Kxe5 Kc3 66. Kd5 Kc2 67. Kc5) 62... a4 $11 {[%emt 0:00:09] The position is equal.} 63. bxa4 {[%emt 0:00:20][%cal Oa4a5] White wants to mate with a5!} Kxc4 64. Kxe5 {[%emt 0:00:01] Kd6 would kill now. KPP-KP} (64. Ke4 $5) 64... Kc5 $1 65. Ke4 Kb6 66. Kd3 Ka5 67. Kc2 Kxa4 68. Kb2 Ka5 69. Kb3 Kb5 70. a3 bxa3 71. Kxa3 {[%emt 0:00:01] White really could win this.   Weighted Error Value: White=0.63/Black=0.62.  Loses game:     	---       	Black=4      Missed win:     	White=1     	---        Mistake:       	White=5     	Black=6      Inaccurate:     	White=2     	Black=1      OK:         	White=17    	Black=19     Best:        	White=4     	Black=5      Strong:       	White=1     	Black=1} 1/2-1/2

[Event "XVI Memorial Ezequiel Martin 2024"]
[Site "Mollet"]
[Date "2024.06.09"]
[Round "7.3"]
[White "Hernandez, Cristian Andres"]
[Black "Ayats Llobera, Gerard"]
[Result "1/2-1/2"]
[ECO "B43"]
[WhiteElo "2350"]
[BlackElo "2466"]
[Annotator "TA"]
[PlyCount "204"]
[EventDate "2024.06.01"]
[EventType "swiss"]
[EventCountry "ESP"]
[SourceTitle "playchess.com"]
[Source "ChessBase"]
[SourceQuality "1"]
[TimeControl "900+5"]

1. e4 c5 2. Nf3 e6 3. d4 cxd4 4. Nxd4 a6 5. Nc3 b5 6. Bd3 Qb6 7. Nb3 Qc7 8. Qe2 Bb7 9. O-O Nf6 {[%emt 0:15:25] is the legacy move (9...b4). B43: Sicilian: Kan Variation: 5 Nc3.} 10. Bd2 Nc6 11. f4 d6 12. a4 bxa4 $146 ({Predecessor:} 12... b4 13. Na2 Be7 14. Kh1 a5 15. c3 O-O 16. Rac1 Qb8 17. Nd4 Rc8 18. Nxc6 Bxc6 19. cxb4 axb4 20. Nxb4 Bxa4 21. Rxc8+ Qxc8 {1-0 Jasny,S (2366)-Kratochvil,J (2230) Pardubice Czech op 22nd 2011 (4)}) 13. Rxa4 Be7 14. Bxa6 Bxa6 15. Rxa6 Rxa6 16. Qxa6 O-O 17. Qc4 Rc8 18. Kh1 Qb7 19. Qe2 Nb4 20. Bc1 d5 21. f5 dxe4 22. fxe6 fxe6 23. Bg5 Qa6 24. Qxa6 Nxa6 25. Nxe4 Rxc2 26. Nxf6+ gxf6 27. Bxf6 Bxf6 28. Rxf6 Nc5 29. h4 Nxb3 30. Rxe6 Rc4 31. g3 Rc2 32. Rb6 Nd4 33. Kg1 Kf7 34. b4 Nf5 35. Rb7+ Kg6 36. h5+ Kh6 37. g4 Ne3 38. g5+ Kxh5 39. Rxh7+ Kg4 40. Rh2 Rc1+ 41. Kf2 Rc2+ 42. Kg1 Rc4 43. Kf2 Kf4 44. Rh4+ Ng4+ 45. Ke2 Kxg5 46. Rh8 Kf4 47. Rh4 Rxb4 48. Kd2 Kf3 49. Kc3 Re4 50. Rh3+ Kf4 51. Rh4 Ke5 52. Rh5+ Kd6 53. Ra5 Ne5 54. Ra6+ Nc6 55. Kd3 Rh4 56. Ke3 Kd5 57. Rb6 Nd4 58. Rb8 Rh3+ 59. Kf4 Ne6+ 60. Kg4 Rh1 61. Kf3 Rf1+ 62. Ke3 Ra1 63. Rb5+ Nc5 64. Kf3 Rf1+ 65. Ke3 Kc4 66. Rb8 Re1+ 67. Kf3 Ne6 68. Rb6 Nd4+ 69. Kf4 Kd3 70. Rd6 Rf1+ (70... Re4+ $2 71. Kg5 Kc4 72. Kg6 $19) 71. Kg5 (71. Ke5 $2 Rf5#) 71... Ke4 72. Ra6 Rf8 73. Ra4 Rf5+ 74. Kg4 Rf1 75. Kg5 Rf8 (75... Rc1 $15) 76. Kg6 Ke5 77. Ra5+ Kf4 78. Ra4 Ke4 (78... Rg8+ 79. Kf7 $17) 79. Rb4 Ke5 80. Ra4 Rf6+ 81. Kg5 Rf5+ 82. Kg4 Rf4+ 83. Kh3 Rf8 84. Kg3 Ke4 85. Ra7 Nf5+ 86. Kf2 Rg8 87. Ra4+ Nd4 88. Ra7 Rf8+ 89. Kg3 Ne2+ 90. Kg2 Nf4+ 91. Kf2 Nd3+ 92. Ke2 Rf2+ 93. Kd1 Nc5 94. Ra3 Rh2 95. Kc1 Kd4 96. Kd1 Ne4 97. Ke1 Rb2 98. Kf1 Nd2+ 99. Ke1 Nc4 100. Rh3 Ne3 101. Rh4+ Kd3 102. Rd4+ Kxd4 1/2-1/2

[Event "XVI Memorial Ezequiel Martin 2024"]
[Site "Mollet"]
[Date "2024.06.09"]
[Round "7.4"]
[White "Valenzuela Gomez, Fernando"]
[Black "Uber Gracia, Hugo"]
[Result "1-0"]
[ECO "B12"]
[WhiteElo "2358"]
[BlackElo "2220"]
[Annotator "RC"]
[PlyCount "83"]
[EventDate "2024.06.01"]
[EventType "swiss"]
[EventCountry "ESP"]
[SourceTitle "playchess.com"]
[Source "ChessBase"]
[SourceQuality "1"]
[TimeControl "900+5"]

1. e4 c6 2. d4 d5 3. e5 Bf5 4. Bd3 Bxd3 5. Qxd3 e6 6. c3 Ne7 7. Ne2 Nd7 8. O-O Nf5 9. Nd2 Be7 10. Nf3 O-O 11. g4 Nh4 12. Nxh4 Bxh4 13. f4 h6 14. Kh1 f6 15. Bd2 fxe5 16. fxe5 Rxf1+ 17. Rxf1 Qe7 18. Bxh6 Rf8 19. Rxf8+ Nxf8 20. Bf4 Qf7 21. Kg2 Ng6 22. Bg3 Bg5 23. Qf3 Qc7 24. Qf2 Qd8 25. Ng1 Bh4 26. Bxh4 Nxh4+ 27. Kg3 Qg5 28. Nh3 Qe7 29. Nf4 Kh7 30. Kh3 Ng6 31. Nxg6 Kxg6 32. Qh4 Qg5 33. Qxg5+ Kxg5 34. Kg3 Kh6 35. Kh4 g5+ 36. Kg3 Kg6 37. h4 Kh6 38. hxg5+ Kxg5 39. b4 b6 40. Kh3 a5 41. bxa5 bxa5 42. a4 1-0

[Event "XVI Memorial Ezequiel Martin 2024"]
[Site "Mollet"]
[Date "2024.06.09"]
[Round "7.5"]
[White "Diaz Camallonga, Carles"]
[Black "Cruz, Filemon"]
[Result "1-0"]
[ECO "B41"]
[WhiteElo "2478"]
[BlackElo "2247"]
[Annotator "TA"]
[PlyCount "129"]
[EventDate "2024.06.01"]
[EventType "swiss"]
[EventCountry "ESP"]
[SourceTitle "playchess.com"]
[Source "ChessBase"]
[SourceQuality "1"]
[TimeControl "900+5"]

1. d4 Nf6 2. Nf3 e6 3. c4 a6 4. Nc3 c5 5. e4 cxd4 6. Nxd4 Qc7 7. a3 Bc5 {[%emt 0:00:25] B41: Sicilian: Kan Variation: 5 c4.} 8. Be3 d6 9. b4 Bxd4 10. Bxd4 $146 ({Predecessor:} 10. Qxd4 e5 11. Qd3 O-O 12. Be2 Be6 13. O-O Rc8 14. Nd5 Bxd5 15. cxd5 Nbd7 16. Rfc1 {1-0 Indjic,A (2613)-Nakamura,H (2775) Titled Tuesday intern op 27th Jun Early blitz 2023 (6)}) 10... Nc6 11. Be3 Ne5 12. Rc1 O-O 13. f3 Bd7 14. c5 d5 15. Bg5 Bc6 16. Bxf6 gxf6 17. exd5 exd5 18. Qd4 Rfe8 19. Be2 Ng6 20. Kf2 (20. Qxf6 $2 Qf4 21. Qxf4 Nxf4 $19) (20. Nxd5 $2 Bxd5 21. Kf2 (21. Qxd5 $2 Rxe2+ 22. Kf1 Rd8 $19) 21... Rad8 22. Qxf6 Re6 $19) 20... Re5 (20... Qe5 $1 $11 21. Rcd1 Nf4) 21. g3 $14 Rae8 22. Bd3 (22. f4 $16 Re3 23. Bd3) 22... Qe7 23. Rc2 (23. f4 $1 $14) 23... Re3 (23... f5 $11 {keeps the balance.}) 24. Re2 Rxe2+ 25. Bxe2 Ne5 (25... Kg7 $14) 26. f4 $2 (26. Nxd5 $2 Bxd5 27. Rc1 (27. Qxd5 $2 Ng4+ 28. fxg4 Qxe2+ 29. Kg1 Qc2 $19) 27... Qe6 $19) (26. a4 $18) 26... Nc4 $1 $11 27. Bd3 (27. Nxd5 Qxe2+ 28. Kg1 Bxd5 (28... Nxa3 $2 29. Nxf6+ Kf8 30. Nxh7+ Kg8 31. Nf6+ Kg7 32. Nxe8+ $19) 29. Qxd5 Ne3 (29... Nxa3 $2 30. h3 $19) (29... Qe1+ 30. Kg2 Ne3+ 31. Kh3 Qe2 32. Qd1 Nxd1 33. Re1 Qh5+ 34. Kg2 Rxe1 35. f5 Ne3+ 36. Kf2 Qe2#) 30. h3 Qf1+ (30... Nxd5 31. Rh2 Qd1+ 32. Kf2 Re2+ 33. Kf3 Re1+ 34. Kg2 Qe2#) 31. Kh2 Qf2+) 27... Ne3 (27... Nxa3 $5 28. Ra1 (28. Nxd5 $2 Bxd5 29. Qxd5 Nc2 $19) 28... Nb5 29. Bxb5 axb5 $17 (29... Bxb5 30. Nxd5 Qe2+ 31. Kg1 $11)) 28. h3 $1 Qe6 29. g4 (29. Re1 $2 Ng4+ 30. Kf3 Nh2+ (30... Qxe1 $2 31. Kxg4 Re3 32. Ne2 $19) 31. Kg2 Qxe1 $19) 29... Nc4 30. Rd1 Nb2 (30... Nxa3 $5 31. Rg1 (31. Bf5 Qe7 $11) 31... Nc4 $17) 31. Rf1 Nxd3+ 32. Qxd3 d4 33. Qxd4 Qb3 34. Re1 (34. Qxf6 $2 Qc2+ (34... Qxa3 35. Rb1 $11) 35. Kg3 Re3+ 36. Kh4 Qxc3 37. Qxc3 Rxc3 $19) 34... Qb2+ 35. Re2 Rxe2+ 36. Nxe2 Qxa3 37. Qc3 Qa2 38. Qxf6 Qb3 $2 (38... Bb5 $11 39. Qg5+ Kf8) 39. Qd8+ $18 Kg7 40. Qd4+ $2 (40. Nd4 $1 $18 {[%cal Rd4f5] White threatens Nf5+ and mate.} Qa2+ 41. Kg3 Qg2+ 42. Kh4) 40... Kg8 41. Nc3 $1 Qc2+ {[%emt 0:00:06] [#]} (41... f6 $142 42. h4 (42. Qxf6 Qxb4 43. Qe6+ Kf8 $16) 42... Qc2+ 43. Ke1 Kf7) 42. Kg3 $1 $18 Qc1 43. Qe5 $2 ({White should play} 43. Qd8+ $18 Kg7 44. Qd4+ Kg8 45. Nd1) 43... Qb2 $2 (43... f6 $1 $11 44. Qe6+ (44. Qxf6 $2 {leads to mate.} Qe1+ 45. Kh2 Qf2#) 44... Kg7) 44. Qd4 Qc1 45. Qd8+ Kg7 46. Qg5+ Kf8 {[%emt 0:00:04] [#]} 47. Qd8+ $2 ({White must play} 47. Qe5 $1 $18) 47... Kg7 $11 48. Qd4+ $2 (48. Nd1 $11 Qa3+ 49. Kh4 Qxb4 50. Qg5+ Kf8 51. Qd8+ Kg7 52. Qg5+ Kf8 53. Qd8+ Kg7) 48... Kg8 $18 49. Kh4 $2 ({Better is} 49. g5 $18) 49... Qe1+ $11 50. Kh5 Qe6 $2 (50... Qg3 $11 {and Black has nothing to worry.}) 51. f5 $18 Qe7 $2 (51... Qe8) 52. Nd5 $18 Bxd5 53. Qxd5 h6 54. h4 (54. Kxh6 $2 Qh4#) 54... Kg7 55. Qd6 Qe3 56. c6 bxc6 57. Qxc6 Qf4 58. Qxa6 Qxb4 59. Qxh6+ Kg8 60. Qf6 Qb8 61. Qg5+ Kf8 62. f6 Qb3 63. Kh6 Qc4 64. Kh7 Qe6 65. Qg8# 1-0

[Event "XVI Memorial Ezequiel Martin 2024"]
[Site "Mollet"]
[Date "2024.06.09"]
[Round "7.6"]
[White "Salinas Tomas, Daniel"]
[Black "Pinero Fernandez, Xavier"]
[Result "1-0"]
[ECO "E20"]
[WhiteElo "2355"]
[BlackElo "2264"]
[Annotator "RC"]
[PlyCount "71"]
[EventDate "2024.06.01"]
[EventType "swiss"]
[EventCountry "ESP"]
[SourceTitle "playchess.com"]
[Source "ChessBase"]
[SourceQuality "1"]
[TimeControl "900+5"]

1. d4 Nf6 2. c4 e6 3. g3 Bb4+ 4. Nc3 O-O 5. Bg2 d6 6. Nf3 Nc6 7. O-O Bxc3 8. bxc3 e5 9. e3 Re8 10. Nd2 Bd7 11. a4 Qc8 12. Re1 h5 13. Ba3 h4 14. c5 hxg3 15. hxg3 dxc5 16. Bxc5 e4 17. c4 Bh3 18. Bh1 b6 19. Ba3 Bf5 20. Rc1 Qd7 21. Bb2 Nb4 22. d5 Ng4 23. Rc3 Qd6 24. Rb3 Qh6 25. Bg2 Qh2+ 26. Kf1 a5 27. f3 exf3 28. Qxf3 Qh5 29. Kg1 Nd3 30. Rd1 Rxe3 31. Bd4 Rxf3 32. Nxf3 Nde5 33. Bxe5 Nxe5 34. Rc3 Nxf3+ 35. Bxf3 Bg4 36. Rf1 1-0

[Event "XVI Memorial Ezequiel Martin 2024"]
[Site "Mollet"]
[Date "2024.06.09"]
[Round "8.1"]
[White "Ayats Llobera, Gerard"]
[Black "Garriga Cazorla, Pere"]
[Result "1-0"]
[ECO "B61"]
[WhiteElo "2466"]
[BlackElo "2471"]
[Annotator "TA"]
[PlyCount "65"]
[EventDate "2024.06.01"]
[EventType "swiss"]
[EventCountry "ESP"]
[SourceTitle "playchess.com"]
[Source "ChessBase"]
[SourceQuality "1"]
[TimeControl "900+5"]

1. e4 c5 2. Nf3 d6 3. d4 cxd4 4. Nxd4 Nf6 5. Nc3 Nc6 6. Bg5 Bd7 7. Qd2 a6 8. Bxf6 gxf6 9. Nf5 Qa5 10. Bd3 {[%emt 0:01:52] The position is equal.} e6 11. Ne3 Rg8 12. O-O-O b5 13. Kb1 $1 b4 14. Ne2 Qc5 15. f4 a5 16. Rhf1 a4 17. f5 Be7 {[%emt 0:00:19] [#]} (17... Bh6 $11 18. Nf4 Ne5) 18. Nf4 $1 $16 Ne5 19. Be2 b3 20. cxb3 ({Of course not} 20. axb3 axb3 21. cxb3 Qa7 $11) 20... axb3 {[%emt 0:00:00] [#] ...Bc6 is the strong threat.} 21. a3 ({But not} 21. axb3 Qa7 $14) (21. Rc1 $1 $16 bxa2+ 22. Ka1) 21... Bc6 22. Bf3 Kd7 23. Rc1 Qb5 24. Rc3 Rgc8 25. Rfc1 {[%emt 0:00:00][%cal Bf1c1,Bc1c3,Bc3b3][%mdl 32] aiming for Qd1.} Bb7 (25... Qb7 $1 $11) 26. Qd1 {[%emt 0:00:00] Hoping for fxe6+. Some like it hot} Rxc3 ({Black should play} 26... Qa4) 27. Rxc3 Rc8 $2 {[%emt 0:00:40][%mdl 8192] A mistake that costs the game.} (27... Qa4 $16) 28. Rxb3 $18 Qa6 29. Ka1 {[%emt 0:00:30] Black must now prevent fxe6+.} Bc6 30. fxe6+ {[%emt 0:00:00] White is winning.} fxe6 31. Bg4 f5 32. exf5 {[%emt 0:00:00] Strongly threatening f6.} Ba4 33. f6 $2 {[%emt 0:00:00][%mdl 32768] Weighted Error Value: White=0.16 (very precise) /Black=0.38.  Loses game:     	---       	Black=1      Missed win:     	White=1     	---        Mistake:       	White=1     	Black=3      Inaccurate:     	White=3     	---        OK:         	White=10    	Black=8      Best:        	---       	Black=3      Strong:       	White=2     	---       . Loss on time!?} (33. fxe6+ Kd8 34. Be2 Qa8 $18) (33. Bh3 $18 Ke8 34. Qh5+ Kd7 35. Rb4 (35. fxe6+ Kd8 $18) 35... Rc1+ 36. Ka2) 1-0

[Event "XVI Memorial Ezequiel Martin 2024"]
[Site "Mollet"]
[Date "2024.06.09"]
[Round "8.2"]
[White "Lazaro Pujol, Abel"]
[Black "Narciso Dublan, Marc"]
[Result "0-1"]
[ECO "C41"]
[WhiteElo "2356"]
[BlackElo "2432"]
[Annotator "RC"]
[PlyCount "56"]
[EventDate "2024.06.01"]
[EventType "swiss"]
[EventCountry "ESP"]
[SourceTitle "playchess.com"]
[Source "ChessBase"]
[SourceQuality "1"]
[TimeControl "900+5"]

1. e4 d6 2. d4 Nf6 3. Nc3 e5 4. Nf3 Nbd7 5. Bc4 Be7 6. O-O O-O 7. Re1 c6 8. a4 h6 9. h3 Re8 10. b3 exd4 11. Nxd4 Ne5 12. Bf1 Ng6 13. a5 Bd7 14. Bb2 b5 15. axb6 axb6 16. Qf3 Rxa1 17. Rxa1 Bf8 18. Re1 d5 19. Bd3 c5 20. Nde2 Ne5 21. Qf4 c4 22. bxc4 dxc4 23. Qd2 cxd3 24. cxd3 Bxh3 25. Nf4 Bc8 26. Ncd5 Nxd5 27. Nxd5 Bb7 28. Nf4 Nc4 0-1

[Event "XVI Memorial Ezequiel Martin 2024"]
[Site "Mollet"]
[Date "2024.06.09"]
[Round "8.3"]
[White "Aloma Vidal, Robert"]
[Black "Diaz Camallonga, Carles"]
[Result "1-0"]
[ECO "A13"]
[WhiteElo "2428"]
[BlackElo "2478"]
[Annotator "TA"]
[PlyCount "123"]
[EventDate "2024.06.01"]
[EventType "swiss"]
[EventCountry "ESP"]
[SourceTitle "playchess.com"]
[Source "ChessBase"]
[SourceQuality "1"]
[TimeControl "900+5"]

1. Nf3 Nf6 2. g3 b5 3. Na3 a6 4. c4 e6 5. b3 Bb7 6. Bg2 Be7 7. O-O bxc4 8. Nxc4 c5 9. Bb2 O-O 10. Rc1 {[%emt 0:00:03] A13: English Opening: 1...e6.} d5 11. Nce5 Nbd7 12. d4 Rc8 13. Nxd7 $146 ({Predecessor:} 13. Rc2) 13... Nxd7 14. dxc5 Bxc5 15. b4 Be7 16. Qd3 Qb6 (16... Bxb4 $2 17. Qd4 e5 18. Qxb4 $18) 17. a3 Bf6 (17... a5 $142) 18. Bxf6 $11 Nxf6 19. Ne5 Rc7 20. Rxc7 Qxc7 21. Qd4 Rc8 22. Nd3 Nd7 23. Rc1 Qb6 24. Rxc8+ Bxc8 25. Qc3 Bb7 26. e3 Qc6 27. Qd4 Qb6 ({Black should play} 27... Kf8 $14) 28. Qxb6 $1 $16 Nxb6 29. Nc5 Bc8 (29... Bc6 $16) 30. Bf1 $18 Nc4 31. Bxc4 dxc4 {[%emt 0:00:01] [#]} 32. Kf1 $1 Kf8 33. Ke2 Ke7 34. Kd2 Kd6 35. Kc3 Kd5 36. e4+ Kd6 37. Kxc4 e5 38. a4 Bh3 39. Kc3 (39. Nxa6 $2 {is the wrong capture.} Bf1+ 40. Kc3 Bxa6 $19) 39... Bf1 40. Nb3 f6 41. Nd2 Bh3 {[%emt 0:00:01] [#]} 42. Nc4+ $1 Kc6 43. Ne3 Be6 44. Nf5 g6 45. Ne3 h5 (45... Kd6 $142 46. g4 Bd7) 46. f4 $18 exf4 47. gxf4 Bh3 $2 (47... Kb7 48. Kd4 Bf7) 48. Kd4 $18 Kd6 49. Nd5 g5 50. Nxf6 gxf4 51. Nxh5 f3 52. e5+ Kc6 53. Ke3 Be6 54. Ng7 Bb3 55. e6 Kd6 56. b5 axb5 57. axb5 (57. Kxf3 bxa4 (57... Bxa4 58. Ke4 $11) 58. e7 Kxe7 59. Nf5+ Kf6 $19) 57... Bd5 58. h4 Ke7 59. h5 Kf6 60. h6 Bb7 61. h7 Kxg7 62. e7 1-0

[Event "XVI Memorial Ezequiel Martin 2024"]
[Site "Mollet"]
[Date "2024.06.09"]
[Round "8.4"]
[White "Salinas Tomas, Daniel"]
[Black "Hernandez, Cristian Andres"]
[Result "0-1"]
[ECO "E20"]
[WhiteElo "2355"]
[BlackElo "2350"]
[Annotator "RC"]
[PlyCount "114"]
[EventDate "2024.06.01"]
[EventType "swiss"]
[EventCountry "ESP"]
[SourceTitle "playchess.com"]
[Source "ChessBase"]
[SourceQuality "1"]
[TimeControl "900+5"]

1. d4 Nf6 2. c4 e6 3. g3 d5 4. Nf3 Bb4+ 5. Nc3 O-O 6. Bg2 dxc4 7. O-O c6 8. Ne5 Nd5 9. Ne4 b5 10. Bd2 Be7 11. Rc1 Qb6 12. e3 Nd7 13. Nxd7 Bxd7 14. b3 cxb3 15. Qxb3 Rfd8 16. Rc2 Be8 17. Rfc1 a5 18. Nc5 a4 19. Qb1 h6 20. Nd3 Ba3 21. Rd1 Bf8 22. e4 Nf6 23. Be3 Ng4 24. e5 Nxe3 25. fxe3 b4 26. Nc5 Ra5 27. Rdc1 Rb8 28. Nd3 b3 29. Rc3 b2 30. R1c2 a3 31. Bxc6 Bxc6 32. Rxc6 Qb5 33. R2c3 Qb7 34. Kf2 Raa8 35. e4 Rd8 36. Ke3 Qa7 37. R3c4 Rd7 38. Nf4 Rad8 39. Ne2 Qb7 40. Rc3 Qb5 41. R6c4 Bb4 42. Rc2 Be7 43. R4c3 Bg5+ 44. Kf3 Be7 45. Rb3 Qa6 46. Qd1 Qa4 47. Ke3 Bg5+ 48. Kf3 Rxd4 49. Nxd4 Rxd4 50. Rc8+ Kh7 51. Qc2 Rd2 52. Qb1 Qd4 53. Qf1 Rd1 54. Qb5 Re1 55. Rc4 Qd1+ 56. Kg2 Rg1+ 57. Kf2 Qf1# 0-1

[Event "XVI Memorial Ezequiel Martin 2024"]
[Site "Mollet"]
[Date "2024.06.09"]
[Round "8.5"]
[White "Vehi Bach, Victor Manuel"]
[Black "Valenzuela Gomez, Fernando"]
[Result "0-1"]
[ECO "B90"]
[WhiteElo "2215"]
[BlackElo "2358"]
[Annotator "RC"]
[PlyCount "60"]
[EventDate "2024.06.01"]
[EventType "swiss"]
[EventCountry "ESP"]
[SourceTitle "playchess.com"]
[Source "ChessBase"]
[SourceQuality "1"]
[TimeControl "900+5"]

1. e4 c5 2. Nf3 d6 3. d4 cxd4 4. Nxd4 Nf6 5. Nc3 a6 6. h3 e5 7. Nb3 Be7 8. g4 h6 9. Be3 Be6 10. Qf3 Nbd7 11. O-O-O Rc8 12. Nd5 Nf8 13. Kb1 Ng6 14. Bd3 Nh7 15. Qe2 Bg5 16. c4 O-O 17. f3 Bxe3 18. Qxe3 Nf6 19. h4 Nd7 20. g5 h5 21. Rc1 a5 22. Bf1 a4 23. Nd2 Nb8 24. Bh3 Nc6 25. f4 exf4 26. Nxf4 Nxf4 27. Qxf4 a3 28. b3 Qb6 29. Nf3 Na5 30. e5 Nxb3 0-1

[Event "XVI Memorial Ezequiel Martin 2024"]
[Site "Mollet"]
[Date "2024.06.09"]
[Round "8.6"]
[White "Sort Sererols, Josep"]
[Black "Ortega Serra, Marc"]
[Result "0-1"]
[ECO "C00"]
[WhiteElo "2053"]
[BlackElo "2292"]
[Annotator "RC"]
[PlyCount "51"]
[EventDate "2024.06.01"]
[EventType "swiss"]
[EventCountry "ESP"]
[SourceTitle "playchess.com"]
[Source "ChessBase"]
[SourceQuality "1"]
[TimeControl "900+5"]

1. e4 e6 2. d3 d5 3. Qe2 e5 4. Nf3 Nc6 5. exd5 Qxd5 6. Nc3 Qa5 7. g3 Bg4 8. Bg2 O-O-O 9. h3 Bh5 10. g4 Bg6 11. O-O h5 12. Bd2 hxg4 13. hxg4 Nf6 14. Ne4 Qa6 15. Nxf6 gxf6 16. Rfe1 Bd6 17. b4 Bxb4 18. Bxb4 Nxb4 19. Rab1 Nd5 20. Nd2 Nf4 21. Qe3 Nxg2 22. Kxg2 f5 23. g5 Qc6+ 24. Qf3 e4 25. dxe4 Rxd2 26. Rh1 0-1

[Event "XVI Memorial Ezequiel Martin 2024"]
[Site "Mollet"]
[Date "2024.06.09"]
[Round "9.1"]
[White "Narciso Dublan, Marc"]
[Black "Hernandez, Cristian Andres"]
[Result "1-0"]
[ECO "B26"]
[WhiteElo "2432"]
[BlackElo "2350"]
[Annotator "RC"]
[PlyCount "71"]
[EventDate "2024.06.01"]
[EventType "swiss"]
[EventCountry "ESP"]
[SourceTitle "playchess.com"]
[Source "ChessBase"]
[SourceQuality "1"]
[TimeControl "900+5"]

1. e4 c5 2. Nc3 Nc6 3. g3 g6 4. Bg2 Bg7 5. d3 e6 6. Be3 Nd4 7. Nge2 Ne7 8. O-O O-O 9. Qd2 d6 10. Rae1 Bd7 11. Nd1 Nxe2+ 12. Rxe2 Rc8 13. Bh6 b5 14. Bxg7 Kxg7 15. Ne3 e5 16. f4 f6 17. Ref2 Be6 18. h4 exf4 19. gxf4 f5 20. Re1 h5 21. Nf1 Qd7 22. Nh2 d5 23. Nf3 d4 24. Ng5 Bg8 25. Bh3 Rce8 26. Rfe2 Bf7 27. Qa5 Ng8 28. exf5 gxf5 29. Re5 Nh6 30. Rxc5 Ng4 31. Bxg4 fxg4 32. Rxe8 Rxe8 33. Rc7 Re1+ 34. Kf2 Qe8 35. Rxf7+ Kg8 36. Qxe1 1-0